AoeStats
← GORGORY

Arena

509001718Analyzed
1v1 RM · 8d ago on Sep 25, 2026· 35m 3s· 2 players
Game mode
Random Map
Map size
Tiny (2 player)
Population
200
Speed
Normal
Resources
Standard
Victory
Conquest
Starting age
Dark Age
Ending age
Imperial Age
RankedLock teamsTeams togetherTeam positionsShared explorationLock speedFull tech treeHidden civsTurbo modeCheats
Victory
Defeat
🇲🇽 Turks · Mexico
1016
+17
🇦🇷 Ethiopians · Argentina
1027
-17
SleetyCube37732
10:04 Feudal Age
10:35 Double-Bit Axe
13:56 Loom
17:15 Castle Age
16:26 Gold Mining
18:17 Bow Saw
23:44 Gold Shaft Mining
28:54 Imperial Age
28:30 Town Watch
30:40 Ballistics
30:16 Murder Holes
31:08 Fortified Wall
31:07 Fletching
34:06 Wheelbarrow
GORGORY
5:38 Loom
9:06 Feudal Age
9:32 Double-Bit Axe
9:28 Horse Collar
13:39 Wheelbarrow
17:21 Castle Age
16:04 Stone Mining
17:05 Gold Mining
19:35 Squires
20:16 Town Watch
22:28 Fervor
22:38 Sanctity
23:41 Scale Mail Armor
23:52 Forging
28:45 Sanctity
28:29 Heavy Plow
28:44 Bow Saw
28:58 Arson
30:11 Hand Cart
35:34 Imperial Age
33:05 Town Patrol
33:45 Iron Casting
33:25 Chain Mail Armor
33:51 Royal Heirs
33:41 Elite Skirmisher
Connection lost

Rejoining the realm…

Still unreachable

The connection could not be restored.

Session expired

The server has moved on; the page needs a fresh start.